 Dungeon Crawl Stone Soup version 0.17.0-28-g6e173f8 (webtiles) character file.

1545 Ivanskos the Shield-Bearer (level 8, -1/76 HPs)
             Began as a Deep Dwarf Fighter on Nov 28, 2015.
             Slain by Iamburgie's ghost (6 damage)
             ... on level 7 of the Dungeon.
             The game lasted 00:23:47 (4461 turns).

Ivanskos the Shield-Bearer (Deep Dwarf Fighter)     Turns: 4461, Time: 00:23:47

Health: -1/76      AC: 12    Str: 21    XL:     8   Next: 56%
Magic:  5/5        EV: 13    Int: 13    God:
Gold:   138        SH: 11    Dex: 19    Spells: 0 memorised, 7 levels left

rFire  . . .     SeeInvis +     K - +1 whip (freeze)
rCold  . . .     Clarity  .     b - +0 scale mail
rNeg   + . .     SustAt   .     c - +0 shield
rPois  .         Gourm    .     l - +0 hat
rElec  .         Spirit   .     H - +1 cloak
rCorr  .         Warding  +     h - +0 pair of gloves
rMut   .         Stasis   .     F - +0 pair of boots
MR     +....                    s - amulet of warding
Stlth  +.........               y - +3 ring of intelligence
                                u - ring of see invisible

@: agile, non-regenerating, somewhat resistant to hostile enchantments, very
unstealthy
A: damage resistance, recharge devices, agile 1, high mp 1, sense surroundings
1, slow regeneration 3, subdued magic 1
a: Device Recharging


You were on level 7 of the Dungeon.
You were not hungry.

You visited 2 branches of the dungeon, and saw 8 of its levels.

You collected 318 gold pieces.
You spent 180 gold pieces at shops.

Inventory:

Hand Weapons
 K - a +1 whip of freezing (weapon)
Armour
 b - a +0 scale mail (worn)
 c - a +0 shield (worn)
 h - a +0 pair of gloves (worn)
 l - a +0 hat (worn)
 F - a +0 pair of boots (worn)
 H - a +1 cloak (worn)
Jewellery
 s - an amulet of warding (around neck)
 u - a ring of see invisible (left hand)
 y - a +3 ring of intelligence (right hand)
 D - an uncursed amulet of stasis
Wands
 e - a wand of heal wounds (0)
 g - a wand of digging (10)
Scrolls
 i - a scroll of fear {unknown}
 j - 2 scrolls of enchant armour {unknown}
 k - 2 scrolls of enchant weapon {unknown}
 m - a scroll of magic mapping {unknown}
 n - 3 scrolls of teleportation {unknown}
 z - 2 scrolls of random uselessness {unknown}
 A - 2 scrolls of immolation {unknown}
 B - 6 scrolls of remove curse {unknown}
 C - a scroll of blinking {unknown}
Potions
 a - a potion of cure mutation
 d - a potion of might
 o - a potion of magic {unknown}
 p - 2 potions of cancellation
 r - a potion of agility
 t - 2 potions of brilliance
 v - a potion of flight {unknown}
 w - a potion of heal wounds {unknown}
 x - a potion of curing {unknown}
 M - a potion of haste
Books
 q - a book of Clouds

   Spells                             Type                      Level
   a - Mephitic Cloud                 Conjuration/Poison/Air       3
   b - Conjure Flame                  Conjuration/Fire             3
   c - Poisonous Cloud                Conjuration/Poison/Air       6
   d - Freezing Cloud                 Conjuration/Ice/Air          6
   e - Ring of Flames                 Charms/Fire                  7
Comestibles
 f - a bread ration
 E - 2 meat rations
 G - 9 fruits
 I - a royal jelly
 J - a slice of pizza
 N - a beef jerky


   Skills:
 + Level 5.7 Fighting
 + Level 5.6 Maces & Flails
 + Level 6.6 Armour
 + Level 6.8 Shields


You had 7 spell levels left.
You didn't know any spells.

Dungeon Overview and Level Annotations

Branches:
Dungeon (7/15)             Temple (1/1) D:6

Altars:
Ashenzari
Cheibriados
Dithmenos
Elyvilon
Fedhas
Gozag
Kikubaaqudgha
Okawaru
Qazlal
Ru
Sif Muna
Trog
Vehumet
Xom
Yredelemnul
Zin
The Shining One

Shops:
D:4 *   D:5 %=*(!

Annotations:
D:7 Iamburgie's ghost, novice MiFi


Innate Abilities, Weirdness & Mutations

You are resistant to damage.
You can recharge devices by infusing magical energy.
You passively map a small area around you.
You do not regenerate naturally.
You are agile. (Dex +2)
You have an increased reservoir of magic (+10% MP).
Your spells are a little easier to cast, but a little less powerful.


Message History

Iamburgie's ghost is moderately damaged.
You hit Iamburgie's ghost but do no damage.
Iamburgie's ghost is moderately damaged.
Iamburgie's ghost hits you.
You are electrocuted!
* * * LOW HITPOINT WARNING * * *
You hit Iamburgie's ghost but do no damage.
Iamburgie's ghost is moderately damaged.
Iamburgie's ghost says, "My insurmountable tactics guarantee your defeat."
Iamburgie's ghost closely misses you.
You hit Iamburgie's ghost but do no damage.
Iamburgie's ghost is moderately damaged.
Iamburgie's ghost hits you.
* * * LOW HITPOINT WARNING * * *
You hit Iamburgie's ghost but do no damage.
Iamburgie's ghost is moderately damaged.
Iamburgie's ghost closely misses you.
You hit Iamburgie's ghost.
Iamburgie's ghost is moderately damaged.
Iamburgie's ghost hits you!
You die...

...............#...#.....#.......
...............#...#.....#.......
...............# ..#.....##..###.
...............# ..###....#..####
...#####.......# ....#....#.)....
...# #.......#, ...'....'......
...# #.......#, ..#....#+###..
...# #.......#######....# , *..
...# #.......'@W...#....# ,,* .
...# #.......#.....#....# , ...#
#.......#######....# * ...#
#.............(....# * * ...#
#........†.(((.....# ...#
#........).........+ , , ...#
#..................#* * ...#
#.......#####+#.>.... <..#
#....>..# ,, #.......


You could see Iamburgie's ghost.

Vanquished Creatures
  An ice beast (D:6)
  5 ogres
  2 centaurs
  A giant frog (D:7)
  A giant frog zombie (D:5)
  A gnoll shaman (D:6)
  An orc priest (D:4)
  4 orc wizards
  2 giant frog skeletons
  8 worker ants
  2 killer bee zombies
  11 adders
  7 gnolls
  A shadow imp (D:5)
  4 oozes
  An adder skeleton (D:6)
  4 worms
  24 orcs
  2 ball pythons
  11 bats
  12 goblins
  6 hobgoblins
  5 jackals
  6 giant cockroaches
  6 giant newts
  5 kobolds
  8 quokkas
  4 rats
145 creatures vanquished.

Notes
Turn   | Place    | Note
--------------------------------------------------------------
     0 | D:1      | Ivanskos the Deep Dwarf Fighter began the quest for the Orb.
     0 | D:1      | Reached XP level 1. HP: 20/20 MP: 1/1
   297 | D:1      | Reached XP level 2. HP: 27/27 MP: 2/2
   554 | D:2      | Reached XP level 3. HP: 27/34 MP: 3/3
   569 | D:2      | Found a sacrificial altar of Ru.
   862 | D:2      | Reached skill level 4 in Shields
  1015 | D:2      | Reached XP level 4. HP: 32/42 MP: 4/4
  1321 | D:3      | Reached XP level 5. HP: 30/49 MP: 5/5
  1837 | D:3      | Reached XP level 6. HP: 27/57 MP: 6/6
  2084 | D:4      | Reached skill level 5 in Shields
  2128 | D:4      | Found Bur Joapp's Assorted Antiques.
  2138 | D:4      | Bought a scroll labeled JITWUI DIZIARO for 30 gold pieces
  2138 | D:4      | Bought a scroll labeled WUOKKAILAT for 30 gold pieces
  2138 | D:4      | Bought a scroll of identify for 60 gold pieces
  2138 | D:4      | Bought a scroll labeled HIVAGO XEKI for 30 gold pieces
  2138 | D:4      | Bought a scroll labeled WUOKKAILAT for 30 gold pieces
  2285 | D:4      | Reached XP level 7. HP: 20/66 MP: 7/7
  2587 | D:5      | Entered Level 5 of the Dungeon
  2596 | D:5      | Reached skill level 5 in Armour
  2696 | D:5      | Found Wueloat's Distillery.
  2750 | D:5      | Found a shimmering altar of Xom.
  2750 | D:5      | Found a shimmering altar of Xom.
  2758 | D:5      | Found a shimmering altar of Xom.
  2758 | D:5      | Found a shimmering altar of Xom.
  2759 | D:5      | Found a shimmering altar of Xom.
  2761 | D:5      | Found a shimmering altar of Xom.
  2765 | D:5      | You fall through a shaft!
  2880 | D:6      | Reached skill level 6 in Shields
  2919 | D:5      | Reached skill level 5 in Fighting
  3140 | D:5      | Found Nadghucs's Jewellery Shoppe.
  3164 | D:5      | Found Jimoulox's Assorted Antiques.
  3234 | D:5      | Reached XP level 8. HP: 38/74 MP: 7/7
  3295 | D:5      | Found Winueb's Food Emporium.
  3360 | D:5      | Found Tumaeps's Weapon Boutique.
  3484 | D:6      | Reached skill level 5 in Maces & Flails
  3491 | D:6      | Found a staircase to the Ecumenical Temple.
  3515 | Temple   | Entered the Ecumenical Temple
  3925 | D:6      | Found a snail-covered altar of Cheibriados.
  4140 | D:7      | Gained mutation: You have an increased reservoir of magic (+10% MP). [potion of mutation]
  4140 | D:7      | Gained mutation: Your spells are a little easier to cast, but a little less powerful. [potion of mutation]
  4141 | D:7      | Gained mutation: You are agile. (Dex +2) [potion of mutation]
  4429 | D:7      | Noticed Iamburgie's ghost (novice MiFi)
  4461 | D:7      | Slain by Iamburgie's ghost

Action                   |  1- 3 |  4- 6 |  7- 9 || total
-------------------------+-------+-------+-------++-------
Melee: Flail             |   119 |   255 |   160 ||   534
       Whip              |       |       |   107 ||   107
 Abil: Device Recharging |       |       |     3 ||     3
Evoke: Wand              |       |     3 |     9 ||    12
  Use: Scroll            |       |     4 |     2 ||     6
       Potion            |       |       |     4 ||     4
  Eat: Beef jerky        |       |     2 |       ||     2
       Bread ration      |       |     1 |       ||     1
       Meat ration       |       |       |     1 ||     1
